 Dungeon Crawl Stone Soup version 0.22.1-2-g9c5b331 (webtiles) character file.

210 lysyklops the Conjurer (level 5, 0/38 HPs)
             Began as a Draconian Conjurer on Dec 17, 2018.
             Slain by a hound (2 damage)
             ... on level 3 of the Dungeon.
             The game lasted 00:10:22 (4708 turns).

lysyklops the Conjurer (Draconian Conjurer)         Turns: 4708, Time: 00:10:23

Health: 0/38       AC:  5    Str: 10    XL:     5   Next: 57%
Magic:  10/10      EV: 12    Int: 17    God:
Gold:   78         SH:  3    Dex: 11    Spells: 7/10 levels left

rFire    . . .     SeeInvis .   q - +2 whip (elec)
rCold    . . .     Gourm    .   a - +0 buckler
rNeg     . . .     Faith    .   (armour unavailable)
rPois    .         Spirit   .   (helmet restricted)
rElec    .         Reflect  .   (no cloak)
rCorr    .         Harm     .   (no gloves)
MR       .....                  (no boots)
Stlth    ++........             (no amulet)
HPRegen  0.12/turn              (no ring)
MPRegen  0.12/turn              (no ring)

@: lethally poisoned (0 -> -1)
A: unfitting armour, cold-blooded, AC +5
a: no special abilities


You were on level 3 of the Dungeon.
You were not hungry.

You visited 1 branch of the dungeon, and saw 4 of its levels.

You collected 78 gold pieces.

Inventory:

Hand Weapons
 h - a +0 hunting sling
 q - a +2 whip of electrocution (weapon)
Missiles
 n - 53 stones (quivered)
Armour
 a - a +0 buckler (worn)
Jewellery
 e - an uncursed ring of flight {unknown}
Scrolls
 c - 2 scrolls of identify {unknown}
 d - 5 scrolls of enchant weapon {unknown}
 f - 2 scrolls of magic mapping {unknown}
 i - a scroll of enchant armour {unknown}
 l - a scroll of random uselessness {unknown}
 p - a scroll of remove curse {unknown}
Potions
 g - a potion of brilliance {unknown}
 j - 2 potions of might {unknown}
 k - a potion of curing
 m - a potion of flight {unknown}
 o - 3 potions of magic {unknown}
Comestibles
 b - 7 rations
 r - 2 chunks of flesh


   Skills:
 + Level 3.3 Dodging
 - Level 1.7 Stealth
 + Level 3.4 Spellcasting
 + Level 5.1 Conjurations


You had 7 spell levels left.
You knew the following spells:

 Your Spells              Type           Power        Failure   Level  Hunger
a - Magic Dart            Conj           ###.         3%          1    None
b - Searing Ray           Conj           ###...       4%          2    ##.....

Your spell library contained the following spells:

 Spells                   Type           Power        Failure   Level  Hunger
 Dazzling Spray           Conj/Hex       ##....       28%         3    ###....
 Iskenderun's Mystic Bla  Conj           ###.....     32%         4    ####...
 Force Lance              Conj/Tloc      ##......     67%         4    ####...
 Fulminant Prism          Conj/Hex       ##........   67%         4    ####...


Dungeon Overview and Level Annotations

Branches:
Dungeon (4/15)
 Temple: D:4-7

Altars:
Dithmenos
Kikubaaqudgha
Qazlal
Uskayaw

Annotations:
D:1 1 runed door
D:3 2 runed doors, buskinjo's ghost, weakling DEFE


Innate Abilities, Weirdness & Mutations

Your plain brown scales are hard. (AC +5)
You cannot fit into any form of body armour.
You are cold-blooded and may be slowed by cold attacks.


Message History

* * * LOW HITPOINT WARNING * * *
The hound closely misses you.
* * * LOW HITPOINT WARNING * * *
You feel sick. The hound bites you but does no damage.
* * * LOW HITPOINT WARNING * * *
You feel sick. The hound closely misses you.
* * * LOW HITPOINT WARNING * * *
You feel sick. The hound closely misses you.
* * * LOW HITPOINT WARNING * * *
You feel sick. The hound bites you but does no damage.
The hound bites you but does no damage.
* * * LOW HITPOINT WARNING * * *
You feel sick. You block the hound's attack.
* * * LOW HITPOINT WARNING * * *
You feel sick. The hound bites you.
You die...

.....# #...# #.# #.##.# ###...###
#.# #### ..##.# #.......# #.#
#... ####.## #.##.##.# #.# #.##
#..# #.##[##.##### #(####.## ##†#
#.##).....>.# #........
#####.#####....#.###.#########.##
#.........##............# #.##
..#######..###..@.##.##.# #...
.###_._###.._###h.##.##.# ####
..##...##..#####..##..#.#
#.........###.##..###.#.#
####...######.##........# ##_##
#.......####(###### ### ##.....##
#......# ####.#####.....#
#.####.# #.......##.)...#
#.####.#


You could see a hound.

Vanquished Creatures
  An orc wizard (D:3)
  4 gnolls (D:3)
  5 adders
  An ooze (D:1)
  3 worms
  3 dart slugs
  2 leopard geckos (D:2)
  10 orcs (D:3)
  3 giant cockroaches
  6 goblins
  7 hobgoblins
  5 kobolds
  A quokka (D:3)
  9 bats
  4 frilled lizards
  8 rats
72 creatures vanquished.

Notes
Turn   | Place    | Note
-------+----------+-------------------------------------------
     0 | D:1      | lysyklops the Draconian Conjurer began the quest for the
                  | Orb.
     0 | D:1      | Reached XP level 1. HP: 14/14 MP: 3/3
     1 | D:1      | Found a runed door.
   237 | D:1      | Reached XP level 2. HP: 13/20 MP: 1/5
   913 | D:2      | Learned a level 2 spell: Searing Ray
  1289 | D:2      | Reached XP level 3. HP: 26/26 MP: 0/6
  2052 | D:2      | Reached XP level 4. HP: 9/33 MP: 2/8
  2939 | D:3      | Found a large runed door.
  2939 | D:3      | Found a large runed door.
  2947 | D:3      | Noticed buskinjo's ghost (weakling DEFE)
  3696 | D:3      | Reached XP level 5. HP: 38/38 MP: 6/9
  4021 | D:3      | Found a shadowy altar of Dithmenos.
  4021 | D:3      | Found a stormy altar of Qazlal.
  4039 | D:3      | Reached skill level 5 in Conjurations
  4118 | D:3      | Found an ancient bone altar of Kikubaaqudgha.
  4122 | D:3      | Found a faded altar of an unknown god.
  4124 | D:3      | Found a hide-covered altar of Uskayaw.
  4708 | D:3      | Slain by a hound

Skill      XL: |  1  2  3  4  5 |
---------------+----------------+-----
Dodging        | 2 3 |  3.3
Spellcasting   | 3 |  3.4
Conjurations   | 5 |  5.1
Stealth        | |  1.7

Action                   |  1- 3 |  4- 6 || total
-------------------------+-------+-------++-------
Melee: Dagger            |    42 |       ||    42
       Unarmed           |     3 |       ||     3
       Tailslap          |     4 |    11 ||    15
       Club              |    28 |    33 ||    61
       Whip              |       |    79 ||    79
 Cast: Magic Dart        |    71 |    60 ||   131
       Searing Ray       |     2 |    14 ||    16
 Stab: Sleeping          |       |     1 ||     1
  Eat: Chunk             |     4 |     6 ||    10
       Ration            |       |     1 ||     1
Armor: Skin              |    22 |    29 ||    51
Dodge: Dodged            |    56 |    81 ||   137
Block: Buckler           |       |    16 ||    16
